 Dungeon Crawl Stone Soup version 0.30-a0-847-g17996783a1 (webtiles) character file.

Game seed: 7059228158624454267

3017 holysushi the Slicer (level 9, -3/60 (63) HPs)
             Began as a Demonspawn Monk on Mar 3, 2023.
             Was a Follower of Uskayaw.
             Slain by a wight
             ... wielding a +5 falchion
              (11 damage)
             ... on level 7 of the Dungeon.
             The game lasted 00:11:59 (7475 turns).

holysushi the Slicer (Demonspawn Monk)              Turns: 7475, Time: 00:11:59

HP:   -3/60 (63)    AC:  8    Str: 21    XL:     9   Next: 55%
MP:   7/10          EV: 20    Int: 12    God:    Uskayaw [*.....]
Gold: 347           SH:  8    Dex: 23    Spells: 8/8 levels left

rFire   . . .      SeeInvis .    t - +9 falchion of Supply {venom, Str+3}
rCold   . . .      Faith    .    u - +0 buckler
rNeg    . . .      Spirit   .    g - +3 leather armour
rPois   .          Reflect  .    (helmet restricted)
rElec   .          Rampage  .    (no cloak)
rCorr   .                        n - +0 pair of gloves
Will    .....                    p - +0 pair of boots
Stlth   +++++                    (no amulet)
HPRegen 0.30/turn                o - +6 ring of strength
MPRegen 0.12/turn                (no ring)

@: agile, lightly drained
A: horns 1, thin skeletal structure 2, powered by pain 2, condensation shield
a: Renounce Religion, Stomp


You were on level 7 of the Dungeon.
You worshipped Uskayaw.
Uskayaw was noncommittal.
You visited 2 branches of the dungeon, and saw 8 of its levels.

You collected 347 gold pieces.

Inventory:

Hand Weapons
 a - a +1 short sword
 t - the +9 falchion of Supply (weapon) {venom, Str+3}
   (You found it on level 6 of the Dungeon)

   Str:       It affects your strength (+3).
Armour
 g - a +3 leather armour (worn)
 n - a +0 pair of gloves (worn)
 p - a +0 pair of boots (worn)
 q - a +0 leather armour of willpower
 u - a +0 buckler (worn)
Jewellery
 o - a +6 ring of strength (left hand)
Wands
 s - a wand of flame (19)
Scrolls
 e - a scroll of teleportation
 f - a scroll of silence
 j - a scroll of acquirement {unknown}
 l - 5 scrolls of identify
 r - a scroll of enchant weapon
 v - a scroll of amnesia {unknown}
Potions
 c - 2 potions of ambrosia
 d - 2 potions of lignification
 h - 2 potions of curing
 i - a potion of heal wounds
 k - 3 potions of mutation
 m - 5 potions of resistance


   Skills:
 - Level 3.0 Fighting
 + Level 11.5 Short Blades
 - Level 5.0 Dodging
 - Level 3.0 Stealth
 - Level 2.0 Invocations


You had 8 spell levels left.
You didn't know any spells.
Your spell library contained the following spells:

 Spells                   Type           Power      Damage    Failure   Level
 Sandblast                Erth           0%         2d4       47%         1
 Passwall                 Tmut/Erth      0%         N/A       63%         2
 Stone Arrow              Conj/Erth      0%         3d7       85%         3


Dungeon Overview and Level Annotations

Branches:
Dungeon (7/15) Zot: 26558  Temple (1/1) D:6 Zot: 5727

Altars:
Ashenzari
Dithmenos
Hepliaklqana
Kikubaaqudgha
Makhleb
Nemelex Xobeh
Okawaru
Qazlal
Sif Muna
Trog
Uskayaw
Vehumet
Wu Jian
Yredelemnul

Shops:
D:7 :

Annotations:
D:6 1 runed translucent door, olddryhag's ghost, novice DsNe


Innate Abilities, Weirdness & Mutations

You have a pair of small horns on your head.
You have a moderately thin skeletal structure. (Dex +4, Stealth++)
You sometimes gain power by taking damage.
A meltable shield of frost defends you. (SH +4)


Message History

An orc comes into view. It is wielding a +0 club.
Found a dagger.
You completely miss the wight.
The wight hits you with a +4 great sword of freezing!
The wight freezes you.
You slash the wight!
The wight is heavily damaged.
The wight closely misses you.
The wight hits you with a +4 great sword of freezing.
You feel drained. The wight freezes you.
You stomp with the beat, sending a shockwave through the revellers around you!
The wight is almost destroyed.
The wight is heavily damaged.
You can no longer stomp with the beat.
You block the wight's attack.
The wight hits you from afar with a +3 spear.
The wight closely misses you.
You can now stomp with the beat.
You hit the wight.
The wight is almost destroyed.
The wight hits you from afar with a +3 spear.
You feel drained. The wight closely misses you.
The wight hits you with a +4 great sword of freezing!
* * * LOW HITPOINT WARNING * * *
You focus on the pain.
You feel agile all of a sudden. The wight freezes you.
* * * LOW HITPOINT WARNING * * *
You hit the wight.
You destroy the wight!
You block the wight's attack. The wight hits you with a +5 falchion.
* * * LOW HITPOINT WARNING * * *
You feel drained.
* * * LOW HITPOINT WARNING * * *
As you read the scroll of summoning, it crumbles to dust.
Wisps of shadow whirl around you... The wight completely misses you.
The wight closely misses you.
The wight hits your ice beast with a +0 morningstar!
The wight attacks as you move away! The wight hits you with a +5 falchion!
You die...

###### #.....# .......##
........# ........#
.....zz.# ## .o....s5#
### ##.
.....zY@###.##########..
......z...#...##........
.)..........#.##.#####.#
#...........#..#.#####..
##..................#...
##.....................
#................>....
#.........#...#.##....
#.........###.#.##....


You could see 4 wights, an orc (asleep), a friendly ice beast (summoned), a
friendly scorpion (summoned) and a friendly white imp (summoned).

Vanquished Creatures
  A water moccasin (D:7)
  An orc warrior (D:6)
  2 ice beasts
  A sky beast (D:6)
  A centaur (D:7)
  3 ogres
  2 phantoms
  A gnoll sergeant (D:7)
  5 scorpions
  6 wights (D:7)
  3 killer bees (D:7)
  2 electric eels (D:7)
  A bullfrog zombie (D:5)
  5 orc priests
  2 bullfrog skeletons (D:5)
  3 hounds
  4 jellies
  An iguana (D:6)
  Natasha (thrice) (D:2)
  8 orc wizards
  A scorpion zombie (D:5)
  3 hound zombies (D:5)
  13 gnolls
  A howler monkey skeleton (D:5)
  11 adders
  A shadow imp (D:5)
  A white imp (D:6)
  An ufetubus (D:6)
  3 worms
  18 orcs
  11 ball pythons
  3 endoplasms
  5 giant cockroaches
  8 hobgoblins
  6 jackals (D:1)
  A quokka (D:4)
  2 bats (D:1)
  3 frilled lizards
  5 goblins
  7 kobolds
  3 rats
162 creatures vanquished.

Vanquished Creatures (others)
  2 withered plants (D:5)
2 creatures vanquished.

Grand Total: 164 creatures vanquished

Notes
Turn   | Place    | Note
-------+----------+-------------------------------------------
     0 | D:1      | holysushi the Demonspawn Monk began the quest for the Orb.
     0 | D:1      | Reached XP level 1. HP: 18/18 MP: 1/1
   122 | D:1      | Reached skill level 3 in Short Blades
   197 | D:1      | Gained mutation: You have a somewhat thin skeletal
                  | structure. (Dex +2, Stealth+) [demonic ancestry]
   197 | D:1      | Reached XP level 2. HP: 7/24 MP: 2/2
   790 | D:1      | Found a faded altar of an unknown god.
   897 | D:1      | Gained mutation: You sometimes gain a little power by
                  | taking damage. [demonic ancestry]
   897 | D:1      | Reached XP level 3. HP: 29/29 MP: 3/3
   984 | D:1      | Reached skill level 4 in Short Blades
  1224 | D:2      | Noticed Natasha
  1230 | D:2      | Killed Natasha
  1231 | D:2      | Gained mutation: You sometimes gain power by taking damage.
                  | [demonic ancestry]
  1231 | D:2      | Reached XP level 4. HP: 35/35 MP: 4/4
  1237 | D:2      | Noticed Natasha
  1248 | D:2      | Killed Natasha
  1353 | D:2      | Reached skill level 5 in Short Blades
  1447 | D:2      | Noticed Natasha
  1454 | D:2      | Killed Natasha
  1455 | D:2      | Reached XP level 5. HP: 40/41 MP: 5/5
  2030 | D:3      | Reached skill level 6 in Short Blades
  2392 | D:3      | Found a basalt altar of Yredelemnul.
  2409 | D:3      | Found a radiant altar of Vehumet.
  2959 | D:3      | Gained mutation: A meltable shield of frost defends you.
                  | (SH +4) [demonic ancestry]
  2959 | D:3      | Reached XP level 6. HP: 40/47 MP: 6/6
  3510 | D:4      | Gained mutation: You have a moderately thin skeletal
                  | structure. (Dex +4, Stealth++) [demonic ancestry]
  3510 | D:4      | Reached XP level 7. HP: 28/52 MP: 7/7
  3659 | D:4      | Reached skill level 7 in Short Blades
  3662 | D:4      | Identified the +4 war axe of Nuygusof {heavy, Will+}
  3864 | D:5      | Entered Level 5 of the Dungeon
  4138 | D:5      | Found a shadowy altar of Dithmenos.
  4506 | D:5      | Reached skill level 5 in Dodging
  4506 | D:5      | Reached XP level 8. HP: 21/58 MP: 8/8
  4812 | D:5      | Reached skill level 8 in Short Blades
  5568 | D:6      | Reached skill level 9 in Short Blades
  5595 | D:6      | Found a runed translucent door.
  5598 | D:6      | Noticed olddryhag's ghost (novice DsNe)
  6017 | D:6      | Identified the +9 falchion of Supply {venom, Str+3}
  6047 | D:6      | Found a staircase to the Ecumenical Temple.
  6058 | D:6      | Reached skill level 10 in Short Blades
  6058 | D:6      | Gained mutation: You have a pair of small horns on your
                  | head. [demonic ancestry]
  6058 | D:6      | Reached XP level 9. HP: 49/63 MP: 9/9
  6064 | Temple   | Entered the Ecumenical Temple
  6669 | D:6      | Found a hide-covered altar of Uskayaw.
  6950 | D:6      | Became a worshipper of Uskayaw the Reveller
  6950 | D:6      | Reached * piety under Uskayaw
  7047 | D:7      | Reached ** piety under Uskayaw
  7055 | D:7      | Reached skill level 1 in Invocations
  7135 | D:7      | Reached *** piety under Uskayaw
  7137 | D:7      | Reached **** piety under Uskayaw
  7265 | D:7      | Found Doetier's Book Boutique.
  7279 | D:7      | Reached skill level 11 in Short Blades
  7372 | D:7      | Reached ***** piety under Uskayaw
  7475 | D:7      | Slain by a wight

Illustrated notes

Levels and vault maps discovered:
D:1:      dpeg_arrival_houses_and_road, layout_basic,
          ebering_ecumenical_altar_hall
D:2:      layout_rooms, uniq_natasha
D:3:      layout_basic, mainiacjoe_overflow_big_doors,
          nicolae_concentric_dashed_squares_wild, minivault_14
D:4:      layout_loops_ring, hangedman_minor_gate_pass
D:5:      layout_loops_ring, general_overflow_altar, serial_undead,
          serial_undead_d, serial_undead_a, serial_undead_e, serial_undead_a
D:6:      layout_basic, amcnicky_altar_gilded, minmay_temple_entry_tees,
          hellmonk_ghost_happy_afterlife
D:7:      statuecave_lemuel, layout_rooms, serial_shops,
          nicolae_shop_behind_doors
Temple:   oiseaux_autumnal_temple

Skill      XL: |  1  2  3  4  5  6  7  8  9 |
---------------+----------------------------+-----
Short Blades   | 3 4 5 6 7 10 11 | 11.5
Dodging        | 3 5 |  5.0
Stealth        | 2 3 |  3.0
Invocations    | 2 |  2.0
Fighting       | |  3.0

Action                     |  1- 3 |  4- 6 |  7- 9 || total
---------------------------+-------+-------+-------++-------
  Melee: Short sword       |   133 |   212 |   364 ||   709
         Punch             |     3 |     6 |     4 ||    13
         Falchion          |       |       |    65 ||    65
         Headbutt          |       |       |     6 ||     6
 Invoke: Line Pass         |       |       |     3 ||     3
         Stomp             |       |       |     1 ||     1
  Evoke: Wand              |       |     9 |     8 ||    17
    Use: Scroll            |     3 |     5 |     4 ||    12
         Potion            |       |       |     5 ||     5
   Stab: Sleeping          |     6 |     5 |    14 ||    25
         Distracted        |       |     1 |     4 ||     5
         Paralysed         |       |       |     3 ||     3
         Confused          |       |       |     1 ||     1
 Armour: Robe              |    14 |     9 |       ||    23
         Leather armour    |       |    18 |    52 ||    70
  Dodge: Dodged            |    73 |   116 |   161 ||   350
  Block: Other             |       |    15 |    34 ||    49
         Buckler           |       |       |    34 ||    34

Table legend: (Time is in decaauts)
 A = Elapsed time spent in this place.
 B = Non-inter-level travel time spent in this place.
 C = Inter-level travel time spent in this place.
 D = Time resting spent in this place.
 E = Time spent auto-exploring this place.
 F = Levels seen in this place.
 G = Mean time per level.
                   A        B        C        D        E       F      G
               +--------+--------+--------+--------+--------+-----+--------+
         Total |   7266 |   6964 |    302 |   1027 |   4379 |   8 |  908.2 |
       Dungeon |   6994 |   6700 |    294 |   1027 |   4135 |   7 |  999.1 |
        Temple |    272 |    264 |      8 |      0 |    244 |   1 |  272.0 |
               +--------+--------+--------+--------+--------+-----+--------+

Top non-repeatable levels by time:
     D:5: 1547 daAuts
     D:6: 1282 daAuts
     D:3: 1177 daAuts
     D:1: 1044 daAuts
     D:4: 851 daAuts
     D:2: 709 daAuts
     D:7: 381 daAuts
  Temple: 272 daAuts
